cohdb
Replays
Latest Replays
All Replays
Popular Replays
Top Player Replays
Match Explorer
How It Works
Community
CoH3 Stats
Reddit
Sign in to upload your games and track your stats! →
Sign in with Steam
Match 41616511
Unlisted
Match 41616511
Overview
Messages
Build Orders
End
Construct Infanterie Kompanie
Kettenkrad Recon Vehicle
MG 42 Machine Gun Team
Grenadier Squad
Selects Luftwaffe Battlegroup
GrW 34 Mortar Team
Grenadier Squad
Selects Stuka Strafing Run
MG 42 Machine Gun Team
Construct Panzergrenadier Kompanie
Stuka Strafing Run
MG 42 Machine Gun Team
Selects Fallschirmjäger Squad Paradrop
Stuka Strafing Run
Fallschirmjäger Squad Paradrop
Kettenkrad Recon Vehicle
Construct Luftwaffe Kompanie
Stuka Strafing Run
221 Scout Car
Panzergrenadier Squad
GrW 34 Mortar Team
TheJauntyGoblin
سَۨفُـيٰانۨوٰس
0
0
Comments
sign in to comment!
No comments posted yet!